 Dungeon Crawl Stone Soup version 0.30-a0-1008-g30c9307041 (webtiles) character file.

Game seed: 13288667140524440556

3 JKime the Shooter (level 1, 17/17 HPs)
             Began as a Demigod Hunter on Apr 5, 2023.
             Quit the game on level 1 of the Dungeon.
             The game lasted 00:02:05 (88 turns).

JKime the Shooter (Demigod Hunter)                    Turns: 88, Time: 00:02:06

Health: 17/17      AC:  3    Str: 12    XL:     1   Next: 33%
Magic:  3/3        EV: 12    Int: 11    God:
Gold:   9          SH:  0    Dex: 17    Spells: 0/0 levels left

rFire   . . .      SeeInvis .    a - +0 shortbow
rCold   . . .      Faith    .    (shield currently unavailable)
rNeg    . . .      Spirit   .    c - +0 leather armour
rPois   .          Reflect  .    (no helmet)
rElec   .          Rampage  .    (no cloak)
rCorr   .                        (no gloves)
Will    .....                    (no boots)
Stlth   ++                       (no amulet)
HPRegen 0.22/turn                (no ring)
MPRegen 0.08/turn                (no ring)

@: no status effects
A: high MP 1, forlorn, divine attributes
a: no special abilities


You were on level 1 of the Dungeon.
You visited 1 branch of the dungeon, and saw 1 of its levels.

You collected 9 gold pieces.

Inventory:

Hand Weapons
 a - a +0 shortbow (weapon)
Armour
 c - a +0 leather armour (worn)
Scrolls
 b - a scroll of immolation


   Skills:
 + Level 1.7 Fighting
 + Level 3.7 Ranged Weapons
 + Level 1.9 Dodging
 + Level 0.8 Stealth


You couldn't memorise any spells.
You didn't know any spells.
Your spell library was empty.

Dungeon Overview and Level Annotations

Branches:
Dungeon (1/15)


Innate Abilities, Weirdness & Mutations

You have an increased reservoir of magic. (+10% MP)
You shall have no god before yourself.
Your divine heritage dramatically boosts your attributes as you level up.


Message History

A bat comes into view.
A rat comes into view.
The ball python hisses angrily.
A bat comes into view.
You shoot an arrow. The arrow hits the ball python!
You kill the ball python!
The bat closely misses you. The bat hits you but does no damage.
The bat closely misses you. The bat hits you but does no damage.
The bat barely misses you.
You shoot an arrow. The arrow closely misses the bat.
The arrow closely misses the rat.
The bat hits you. The bat misses you. The bat hits you.
You shoot an arrow. The arrow hits the bat.
You kill the bat!
The bat hits you but does no damage. The rat bites you but does no damage.
The rat closely misses you.
You shoot an arrow. The arrow hits the rat.
You kill the rat!
The bat hits you.
Found a purple potion.
The bat misses you.
You see here a ball python corpse.
The bat closely misses you. The bat attacks as you move away!
The bat misses you. The bat hits you but does no damage.
You see here a ball python corpse.
The bat closely misses you.
You shoot an arrow. The arrow closely misses the bat.
The bat barely misses you. The bat hits you but does no damage. x2
The bat closely misses you. The bat hits you.
You shoot an arrow. The arrow hits the bat.
You kill the bat!
You see here a bat corpse.
You see here 7 stones.
You see here 7 stones.
Unknown command.
Unknown command.
You see here a bat corpse.
Unknown command.
Are you sure you want to abandon this character and quit the game? (Confirm with "yes".)

#!. #....
#..###.#.###
#..........#
#..........#
#..!.....).#
#........#
#.†....>.#
#†.......#
#.@>.....#
#........#
#..(.....#
#.########
#.# #.# #.#
#.# #.#


There were no monsters in sight!

Vanquished Creatures
  2 bats (D:1)
  A ball python (D:1)
  A rat (D:1)
4 creatures vanquished.

Notes
Turn   | Place    | Note
-------+----------+-------------------------------------------
     0 | D:1      | JKime the Demigod Hunter began the quest for the Orb.
     0 | D:1      | Reached XP level 1. HP: 17/17 MP: 3/3
    88 | D:1      | Quit the game

Illustrated notes

Levels and vault maps discovered:
D:1:      nicolae_arrival_memento_mori, layout_rooms

Action                     || total
---------------------------++-------
   Fire: Shortbow          ||     6
 Armour: Leather armour    ||     7
  Dodge: Dodged            ||    11

Table legend: (Time is in decaauts)
 A = Elapsed time spent in this place.
 B = Non-inter-level travel time spent in this place.
 C = Inter-level travel time spent in this place.
 D = Time resting spent in this place.
 E = Time spent auto-exploring this place.
 F = Levels seen in this place.
 G = Mean time per level.
                   A        B        C        D        E       F      G
               +--------+--------+--------+--------+--------+-----+--------+
         Total |     90 |     88 |      2 |      0 |      0 |   1 |   90.0 |
       Dungeon |     90 |     88 |      2 |      0 |      0 |   1 |   90.0 |
               +--------+--------+--------+--------+--------+-----+--------+

Top non-repeatable levels by time:
     D:1: 90 daAuts
